 Dungeon Crawl Stone Soup version 0.29.1-1-gd02db6906a (webtiles) character file.

Game seed: 308713649596259744

454 Ashen the Chiller (level 6, -4/46 HPs)
             Began as a Demonspawn Ice Elementalist on Oct 20, 2022.
             Engulfed by a cloud of poison gas (9 damage)
             ... on level 5 of the Dungeon.
             The game lasted 00:13:54 (5815 turns).

Ashen the Chiller (Demonspawn Ice Elementalist)     Turns: 5815, Time: 00:13:54

Health: -4/46      AC:  3    Str:  8    XL:     6   Next: 76%
Magic:  2/11       EV: 18    Int: 18    God:
Gold:   205        SH:  0    Dex: 14    Spells: 4/11 levels left

rFire   . . .      SeeInvis .   k - staff of air
rCold   . . .      Faith    .   (no shield)
rNeg    + . .      Spirit   .   a - +0 robe
rPois   .          Reflect  .   (no helmet)
rElec   +          Harm     .   d - +0 cloak
rCorr   .          Rampage  .   (no gloves)
Will    .....                   (no boots)
Stlth   ++........              (no amulet)
HPRegen 0.15/turn               o - ring of positive energy
MPRegen 0.12/turn               (no ring)

@: brilliant, agile, lethally poisoned (-4 -> -33), weak-willed
A: ignite blood 2, powered by pain 2
a: no special abilities


You were on level 5 of the Dungeon.
You visited 1 branch of the dungeon, and saw 5 of its levels.

You collected 205 gold pieces.

Inventory:

Armour
 a - a +0 robe (worn)
 d - a +0 cloak (worn)
Magical Staves
 k - a staff of air (weapon)
 r - a staff of conjuration
Jewellery
 o - a ring of positive energy (left hand)
Scrolls
 e - a scroll of teleportation {unknown}
 f - a scroll of fear
 i - 3 scrolls of magic mapping
 m - a scroll of poison
Potions
 b - a potion of magic
 h - a potion of cancellation
 j - a potion of flight
 s - a potion of haste


   Skills:
 + Level 2.9 Fighting
 + Level 3.2 Dodging
 + Level 3.6 Stealth
 + Level 3.4 Spellcasting
 + Level 4.6 Ice Magic


You had 4 spell levels left.
You knew the following spells:

 Your Spells              Type           Power      Damage    Failure   Level
a - Freeze                Ice            100%       1d11      2%          1
b - Frozen Ramparts       Ice            58%        1d9       7%          3
c - Ozocubu's Armour      Ice            29%        N/A       7%          3

Your spell library contained the following spells:

 Spells                   Type           Power      Damage    Failure   Level
 Sublimation of Blood     Necr           4%         N/A       24%         2
 Wereblood                Tmut           4%         N/A       24%         2
 Portal Projectile        Hex/Tloc       8%         N/A       43%         3
 Tukima's Dance           Hex            4%         N/A       43%         3
 Hailstorm                Conj/Ice       17%        3d6       52%         4
 Passage of Golubria      Tloc           4%         N/A       83%         4
 Blade Hands              Tmut           2%         N/A       99%         5
 Silence                  Hex/Air        3%         N/A       99%         5
 Summon Hydra             Summ           2%         N/A       100%        7
 Lehudib's Crystal Spear  Conj/Erth      2%         10d2      100%        8


Dungeon Overview and Level Annotations

Branches:
Dungeon (5/15)
 Temple: D:4-7

Altars:
Ashenzari
Fedhas
Makhleb
Qazlal
Wu Jian
Xom

Annotations:
D:4 exclusion: oklob plant, Sigmund


Innate Abilities, Weirdness & Mutations

Your demonic aura often causes spilled blood to erupt in flames.
You sometimes gain power by taking damage.


Message History

The air fills with toxic fumes!
As you read the scroll labelled EBASI YTAOPA, it crumbles to dust.
It was a scroll of poison.
The phantom misses you.
Cornered, the ufetubus turns to fight!
You closely miss the phantom.
The phantom is lightly damaged.
The phantom hits you!
You hit the phantom but do no damage.
The phantom is lightly damaged.
The phantom hits you.
The phantom blinks!
You blink.
The phantom barely misses you.
You closely miss the phantom.
The phantom is lightly damaged.
The phantom completely misses you. The phantom misses you.
Okay, then.
As you read the scroll labelled PEUXZA AQAINI, it crumbles to dust.
You feel aware of your surroundings.
You sensed 1 altar.
It was a scroll of magic mapping.
The phantom closely misses you.
As you read the scroll labelled XOJIUTR POHOBO, it crumbles to dust.
Magic quickly surges around you.
It was a scroll of vulnerability.
The phantom barely misses you.
As you read the scroll labelled NAR GACKUYHAH, it crumbles to dust.
Your body is wracked with pain!
You focus on the pain.
You feel agile all of a sudden.
It was a scroll of torment.
The phantom hits you.
The phantom blinks!
You blink.
An ogre comes into view. It is wielding a +0 giant club.
Okay, then.
Okay, then.
You are engulfed in poison gas.
You are lethally poisoned!
* * * LOW HITPOINT WARNING * * *
x2 You feel very sick.
The phantom closely misses you.
Unknown command.
It was a potion of brilliance.
You feel clever all of a sudden.
You are engulfed in poison gas.
You are more poisoned.
You die...

####..## #...........⌠#*,*****
##..# ##8.#.#.#.#._#*,*,,,,
##.# ##_#_#8#⌠####,,*,**, #.##
######### *****,**,
#..#######§# *,,,,,,,,
##.##§○○§☼○# *,***,***
#.##§§☼☼○☼# *,,,*,*
#.##°§§§○§########*,*,*,***
#.##°§○§§W@....O..,,,,,,,,,
#..#§○§§§#########*,******,
#####.#§..☼.# *,,,,,,,,*,
#..5..§§§°..# *,,,****,*,
#.#####§○...#*******,*,,,,*,*,
#.# ##........,,,,,*,,,,,,*,
***#.# #........,,,,,,,,,,,,*,
,,*#.# #.........,,,,,,,,,,,,,
,,*#.# #####>....,,,,,,,,,,,,,


You could see an ogre (asleep) and a phantom (weak-willed).

Vanquished Creatures
  A necrophage (D:4)
  2 jellies (D:5)
  A hound (D:5)
  Natasha (thrice) (D:4)
  2 iguanas (D:4)
  An orc wizard (D:5)
  7 adders
  2 dart slugs (D:2)
  2 worms
  7 orcs
  7 ball pythons
  4 bats
  3 endoplasms
  2 giant cockroaches
  9 goblins
  5 hobgoblins
  4 jackals
  2 quokkas
  A frilled lizard (D:2)
  7 kobolds
  7 rats
79 creatures vanquished.

Vanquished Creatures (others)
  16 fungi (D:4)
  31 plants (D:4)
  12 toadstools (D:4)
59 creatures vanquished.

Grand Total: 138 creatures vanquished

Notes
Turn   | Place    | Note
-------+----------+-------------------------------------------
     0 | D:1      | Ashen the Demonspawn Ice Elementalist began the quest for
                  | the Orb.
     0 | D:1      | Reached XP level 1. HP: 13/13 MP: 3/3
   424 | D:1      | Gained mutation: Your demonic aura sometimes causes spilled
                  | blood to erupt in flames. [demonic ancestry]
   424 | D:1      | Reached XP level 2. HP: 20/20 MP: 3/5
  1136 | D:2      | Reached skill level 1 in Fighting
  1136 | D:2      | Gained mutation: You sometimes gain a little power by
                  | taking damage. [demonic ancestry]
  1136 | D:2      | Reached XP level 3. HP: 21/26 MP: 1/6
  1620 | D:2      | Found a faded altar of an unknown god.
  2376 | D:3      | Learned a level 3 spell: Frozen Ramparts
  2380 | D:3      | Learned a level 3 spell: Ozocubu's Armour
  2439 | D:3      | Found an ornate altar of the Wu Jian Council.
  2442 | D:3      | Found a burning altar of Makhleb.
  2930 | D:3      | Gained mutation: You sometimes gain power by taking damage.
                  | [demonic ancestry]
  2930 | D:3      | Reached XP level 4. HP: 29/32 MP: 4/7
  3610 | D:4      | Reached skill level 4 in Ice Magic
  3958 | D:4      | Noticed Natasha
  3962 | D:4      | Killed Natasha
  3963 | D:4      | Gained mutation: Your demonic aura often causes spilled
                  | blood to erupt in flames. [demonic ancestry]
  3963 | D:4      | Reached XP level 5. HP: 37/38 MP: 5/9
  4010 | D:4      | Noticed Natasha
  4017 | D:4      | Killed Natasha
  4228 | D:4      | Noticed an ice beast
  4628 | D:4      | Noticed Sigmund
  4853 | D:4      | Found a blossoming altar of Fedhas.
  4853 | D:4      | Noticed Natasha
  4959 | D:4      | Killed Natasha
  5100 | D:4      | Noticed an oklob plant
  5223 | D:5      | Entered Level 5 of the Dungeon
  5252 | D:4      | Reached XP level 6. HP: 46/46 MP: 3/10
  5317 | D:5      | Found a broken altar of Ashenzari.
  5318 | D:5      | Found a stormy altar of Qazlal.
  5333 | D:5      | Found a shimmering altar of Xom.
  5815 | D:5      | Engulfed by a cloud of poison gas

Illustrated notes

Levels and vault maps discovered:
D:1:      psy_arrival_terrarium, layout_basic, chequers_serial_rivers_small_3
D:2:      layout_basic, basic_ecumenical_altar
D:3:      layout_loops_corners, nicolae_overflow_squiral,
          mainiacjoe_overflow_alcove_2, kennysheep_cluttered_room,
          kennysheep_cross_room
D:4:      layout_basic, tgw_fedhas, uniq_natasha, uniq_sigmund
D:5:      layout_basic, kennysheep_mini, minitemple

Skill      XL: |  1  2  3  4  5 |
---------------+----------------+-----
Stealth        | 2 3 |  3.6
Dodging        | 2 3 |  3.2
Fighting       | 1 2 |  2.9
Ice Magic      | 4 |  4.6
Spellcasting   | 3 |  3.4

Action                   |  1- 3 |  4- 6 || total
-------------------------+-------+-------++-------
Melee: Unarmed           |    12 |       ||    12
       Staff             |     2 |    79 ||    81
       Punch             |       |     3 ||     3
 Cast: Freeze            |    72 |    74 ||   146
       Ozocubu's Armour  |       |     7 ||     7
       Frozen Ramparts   |       |     2 ||     2
  Use: Scroll            |       |    10 ||    10
       Potion            |       |     3 ||     3
 Stab: Sleeping          |     1 |     4 ||     5
Armor: Robe              |    20 |    47 ||    67
Dodge: Dodged            |    67 |   108 ||   175
